 Dungeon Crawl Stone Soup version 0.31-a0-1581-g41d5ff3e7b (webtiles) character file.

Game seed: 14940817412128236271

66292 PlayingRandomsOnly the Spear-Bearer (level 15, -12/103 HPs)
             Began as an Octopode Gladiator on Jan 5, 2024.
             Was a High Priest of Makhleb.
             Mangled by a two-headed ogre
             ... wielding a +0 giant club
              (23 damage)
             ... on level 2 of the Orcish Mines.
             The game lasted 02:27:39 (24187 turns).

PlayingRandomsOnly the Spear-Bearer (OpGl)         Turns: 24187, Time: 02:27:39

Health: -12/103    AC:  7    Str: 24    XL:     15   Next: 19%
Magic:  22/22      EV: 17    Int: 17    God:    Makhleb [*****.]
Gold:   1164       SH: 13    Dex: 16    Spells: 9/16 levels left

rFire   + . .        a - +5 trident
rCold   + . .        X - +2 kite shield {rC+}
rNeg    . . .        r - +2 hat
rPois   +            Q - amulet of regeneration
rElec   .            k - ring of protection from fire
rCorr   +            q - +4 ring of protection
SInv    .            w - ring of poison resistance
Will    ++...        I - ring of flight
Stlth   +++++        P - +6 ring of strength
HPRegen 1.17/turn    T - +6 ring of intelligence
MPRegen 0.18/turn    W - ring of resist corrosion
                     s - ring of willpower

%: no passive effects
@: about to teleport, flying
A: almost no armour, amphibious, 8 rings, camouflage 1, gelatinous body 1,
(nimble swimmer 1), tentacles
a: Renounce Religion, Minor Destruction, Lesser Servant of Makhleb, Major
Destruction, Greater Servant of Makhleb


You were on level 2 of the Orcish Mines.
You worshipped Makhleb.
Makhleb was extremely pleased with you.
You visited 4 branches of the dungeon, and saw 20 of its levels.
You also visited: Ossuary.

You collected 1816 gold pieces.
You spent 652 gold pieces at shops.

Inventory:

Hand Weapons
 a - a +5 trident (weapon)
 b - the +3 flail of the Four Wonders {freeze, Will+}
   (You found it on level 5 of the Dungeon)

   Will+:     It increases your willpower.
Missiles
 c - 2 throwing nets
 d - 8 javelins
 f - 33 poisoned darts
 K - 10 boomerangs (quivered)
 V - 7 curare-tipped darts
Armour
 r - a +2 hat (worn)
 X - a +2 kite shield of cold resistance (worn)
Jewellery
 k - a ring of protection from fire (left tentacle)
 q - a +4 ring of protection (right tentacle)
 s - a ring of willpower (on tentacle)
 w - a ring of poison resistance (on tentacle)
 I - a ring of flight (on tentacle)
 P - a +6 ring of strength (on tentacle)
 Q - an amulet of regeneration (around mantle)
 T - a +6 ring of intelligence (on tentacle)
 W - a ring of resist corrosion (on tentacle)
 Y - a ring of ice
Wands
 j - a wand of flame (2)
 y - a wand of mindburst (2)
 z - a wand of digging (3)
 C - a wand of light (18)
 D - a wand of iceblast (7)
 H - a wand of polymorph (7)
Scrolls
 e - 5 scrolls of poison
 h - 5 scrolls of teleportation
 i - a scroll of fear
 m - 2 scrolls of revelation
 o - 4 scrolls of immolation
 A - 4 scrolls of enchant armour
 L - 2 scrolls of enchant weapon
 M - 2 scrolls of silence
 N - 2 scrolls of vulnerability
 R - a scroll of amnesia
Potions
 g - a potion of cancellation
 l - 3 potions of haste
 n - a potion of curing
 p - a potion of heal wounds
 t - 4 potions of attraction
 u - 2 potions of resistance
 v - 2 potions of ambrosia
 x - 5 potions of lignification
 E - a potion of magic
 F - 3 potions of enlightenment
 J - 3 potions of mutation
 S - 2 potions of might
 Z - 2 potions of invisibility
Miscellaneous
 G - a tin of tremorstones (inert)


   Skills:
 - Level 10.0 Fighting
 - Level 14.0 Polearms
 - Level 10.0 Throwing
 - Level 10.0 Dodging
 - Level 10.0 Stealth
 + Level 9.6 Shields
 - Level 1.0 Spellcasting
 - Level 5.0 Ice Magic
 - Level 10.0 Invocations
 - Level 4.0 Evocations


You had 9 spell levels left.
You knew the following spells:

 Your Spells              Type           Power      Damage    Failure   Level
a - Ozocubu's Armour      Ice            17%        N/A       14%         3
b - Passage of Golubria   Tloc           0%         N/A       98%         4

Your spell library contained the following spells:

 Spells                   Type           Power      Damage    Failure   Level
 Apportation              Tloc           0%         N/A       36%         1
 Magic Dart               Conj           0%         1d3       36%         1
 Necrotise                Necr           0%         1d4       36%         1
 Sting                    Conj/Alch      0%         1d3       36%         1
 Summon Small Mammal      Summ           0%         N/A       36%         1
 Summon Ice Beast         Ice/Summ       9%         N/A       36%         3
 Cigotuvi's Dreadful Rot  Necr/Alch/Air  0%         N/A       50%         2
 Searing Ray              Conj           0%         2d4       50%         2
 Volatile Blastmotes      Fire/Tloc      0%         2d10      73%         3
 Fulminant Prism          Conj/Alch      0%         3d5       98%         4
 Ignite Poison            Fire/Alch      0%         N/A       98%         4
 Iskenderun's Mystic Bla  Conj/Tloc      0%         2d3       98%         4
 Vhi's Electric Charge    Tloc/Air       0%         N/A       98%         4
 Metabolic Englaciation   Hex/Ice        4%         N/A       98%         5
 Freezing Cloud           Conj/Ice/Air   3%         6-21      99%         5
 Arcjolt                  Conj/Air       0%         1d10      100%        5
 Silence                  Hex/Air        0%         N/A       100%        5
 Summon Mana Viper        Hex/Summ       0%         N/A       100%        5
 Sculpt Simulacrum        Ice/Alch       4%         N/A       100%        6
 Monstrous Menagerie      Summ           0%         N/A       100%        7
 Lehudib's Crystal Spear  Conj/Erth      0%         10d2      100%        8
 Maxwell's Capacitive Co  Air            0%         ∞         100%        8


Dungeon Overview and Level Annotations

Branches:
Dungeon (12/15)            Temple (0/1) D:6            Lair (5/5) D:9
  Swamp (0/4) Lair:3       Spider (0/4) Lair:2        Slime (1/5) Lair:4
    Orc (2/2) D:11            Elf (0/3) Orc:2       Ossuary (visited)

Altars:
Dithmenos
Gozag
Hepliaklqana
Makhleb
Sif Muna
Vehumet
Wu Jian
Yredelemnul

Shops:
D:7 (   D:9 (*(   Orc:2 [?(?

Annotations:
D:5 translucent rock
D:12 3 runed translucent doors, Zaque's ghost, journeyman MiBe
Orc:2 Donald; Maurice; Nessos


Innate Abilities, Weirdness & Mutations

You cannot wear most types of armour.
You are amphibious.
You can wear up to eight rings at the same time.
Your skin changes colour to match your surroundings (Stealth+).
Your rubbery body absorbs attacks. (AC +1, EV +1)
((You are camouflaged when in or above water. (Stealth+)))
You have tentacles for arms and can constrict up to eight enemies at once.


Message History

The burst of rock shards engulfs the two-headed ogre.
The burst of rock shards engulfs the two-headed ogre!!
The burst of rock shards engulfs the ogre!!
You kill the ogre!
Makhleb accepts your kill.
The tin is emptied!
The ogre shouts!
A two-headed ogre comes into view. It is wielding two +0 giant clubs.
An ogre comes into view.
It is wielding a +0 giant spiked club. x2
The ogre mage gestures wildly while chanting.
The ogre mage flickers and vanishes!
Press: ? - help, v - describe, . - travel, g - get item
Here: an ogre mage, wielding a +0 spear and wearing a +0 robe (severely wounded) Item here: a +0 giant club.
The floor.
Aiming: Bolt of Light
Press: ? - help, Shift-Dir - straight line, f - ogre mage
Aim: an ogre mage, wielding a +0 spear and wearing a +0 robe (severely wounded, 84% to hit)
The bolt of light hits something!
The bolt of light hits the ogre mage!
The ogre mage is almost dead.
The ogre mage is blinded.
You block the ogre's attack. You block the two-headed ogre's attack.
The two-headed ogre closely misses you. Something hits you!
The two-headed ogre barely misses you. You block the two-headed ogre's attack.
The two-headed ogre hits you with a +0 giant club! x2
You barely miss the two-headed ogre.
The two-headed ogre is moderately wounded.
Something barely misses you.
You completely miss the two-headed ogre.
The two-headed ogre is moderately wounded.
The two-headed ogre hits you with a +0 giant club!
You block the two-headed ogre's attack. You block the ogre's attack.
The two-headed ogre hits you with a +0 giant spiked club!!
* * * LOW HITPOINT WARNING * * *
You block the two-headed ogre's attack. Something hits you!
* * * LOW HITPOINT WARNING * * *
The two-headed ogre hits you with a +0 giant club!!
* * * LOW HITPOINT WARNING * * *
The two-headed ogre hits you with a +0 giant club!!
You die...

............§.........,,,,,,,,*
.........###..###Oc...,,,,,,,,*
.....#..###.^..###)...,,,,,,,,*
#.####..##......#*....,,,,,,,,*
##* #..##......##............*
*,,#......O.#............#
*,,#.....OOO#...........$#
*,,#....)OOO#............#
*,,#...).O.@#c.......$...###
*,,*....)OOO#............###
*,,,...∩O.OOO............###
*,,,...∩OO...............###
*,,*......OO#............###
*,,*....OOO.#............###
*,,*.......O#............###
*,,*........#...........####
*,,*,,,,,,,,#............###


You could see 10 two-headed ogres, an ogre mage (wandering, blind, unable to see
you) and 12 ogres.

Vanquished Creatures
  8 hydras
  2 catoblepae
  An ogre mage (Orc:2)
  A centaur warrior (D:12)
  8 two-headed ogres
  A hell hog (Lair:5)
  3 boulder beetles (D:12)
  2 tengu warriors (D:12)
  3 skysharks
  Pikel (D:8)
  2 ugly things (D:12)
  2 cyclopes
  2 manticores
  2 meliai
  5 black mambas
  7 cane toads
  9 elephants (Lair:5)
  An unseen horror (D:11)
  A kobold demonologist (D:12)
  6 rime drakes
  The ghost of temujin the Conjurer, a novice HuCj (D:4)
  10 komodo dragons
  A merfolk (Orc:2)
  2 trolls
  12 polar bears
  2 raiju (Lair:5)
  18 blink frogs
  2 shadows
  2 spriggans
  A basilisk (D:12)
  2 wraiths
  5 wyverns
  3 steam dragons
  4 wargs (Lair:5)
  55 yaks
  3 vampire mosquitoes (D:10)
  2 swamp worms (Lair:3)
  14 hell hounds (Lair:5)
  16 water moccasins
  10 orc warriors
  3 sky beasts
  5 ice beasts (D:9)
  11 black bears (Lair:5)
  11 ogres
  18 wolves
  A centaur (D:7)
  A lemure (D:8)
  2 phantoms
  3 kobold brigands
  7 bullfrogs
  An elf skeleton (D:5)
  3 elf zombies (D:5)
  A scorpion (D:5)
  9 wights
  3 killer bees (Lair:2)
  5 electric eels
  3 bombardier beetles
  2 centaur zombies (D:5)
  6 hounds
  A human zombie (D:5)
  11 orc priests
  A sleepcap (D:7)
  6 bullfrog zombies
  A gnoll bouda (D:6)
  2 jellies (D:6)
  2 human skeletons (D:5)
  3 iguanas
  21 orc wizards
  2 scorpion zombies (D:5)
  Natasha (thrice) (D:3)
  A killer bee zombie (Ossuary)
  3 crocodile zombies (Ossuary)
  The ghost of YordlordTheGreat the Caller, a weakling MfSu (D:3)
  4 hound zombies (Ossuary)
  7 mummies (Ossuary)
  4 howler monkey zombies (Ossuary)
  11 adders
  4 gnolls (D:6)
  2 shadow imps
  A white imp (D:5)
  2 dart slugs
  A ribbon worm (D:2)
  69 orcs
  5 ball pythons
  5 bats
  An endoplasm (D:2)
  5 giant cockroaches
  3 goblins
  3 hobgoblins
  5 jackals (D:4)
  4 quokkas
  4 ball python zombies (Ossuary)
  7 frilled lizards
  29 kobolds
  4 orc skeletons (D:5)
  6 rats
  A butterfly (D:6)
572 creatures vanquished.

Vanquished Creatures (collateral kills)
  Erica (D:9)
  A black mamba (Lair:4)
  An elephant (Lair:5)
  A water nymph (Orc:2)
  2 cane toads
  Maggie (Lair:1)
  A rime drake (Lair:4)
  A polar bear (Lair:5)
  A tyrant leech (Lair:3)
  A raiju (Lair:5)
  A basilisk (Lair:2)
  3 yaks
  A water moccasin (Lair:1)
  2 ice beasts (D:9)
  3 wolves
  An orc (Orc:1)
22 creatures vanquished.

Grand Total: 594 creatures vanquished

Notes
Turn   | Place    | Note
-------+----------+-------------------------------------------
     0 | D:1      | PlayingRandomsOnly the Octopode Gladiator began the quest
                  | for the Orb.
     0 | D:1      | Reached XP level 1. HP: 14/14 MP: 1/1
    64 | D:1      | Reached skill level 1 in Stealth
   117 | D:1      | Reached XP level 2. HP: 18/19 MP: 2/2
   855 | D:2      | Reached XP level 3. HP: 25/25 MP: 3/3
   997 | D:2      | Identified the +6 spear of Emawn {drain, ^Fragile rElec
                  | rC+}
  1638 | D:3      | Noticed Natasha
  1707 | D:3      | Reached XP level 4. HP: 30/30 MP: 4/4
  1724 | D:3      | Found a faded altar of an unknown god.
  1733 | D:3      | Prayed at the altar of an unknown god.
  1733 | D:3      | Became a worshipper of Makhleb the Destroyer
  1733 | D:3      | Reached * piety under Makhleb
  1919 | D:3      | Found a large runed translucent door.
  1920 | D:3      | Found a large runed translucent door.
  1922 | D:3      | Noticed YordlordTheGreat's ghost (weakling MfSu)
  1935 | D:3      | Killed YordlordTheGreat's ghost
  2481 | D:3      | Killed Natasha
  2772 | D:3      | Found a burning altar of Makhleb.
  2817 | D:3      | Noticed Natasha
  2822 | D:3      | Killed Natasha
  2823 | D:3      | Reached XP level 5. HP: 36/36 MP: 5/5
  3020 | D:3      | Noticed Natasha
  3028 | D:3      | Killed Natasha
  3331 | D:4      | Reached skill level 1 in Evocations
  3410 | D:4      | Reached XP level 6. HP: 43/43 MP: 6/6
  3513 | D:4      | Found a shimmering blue altar of Sif Muna.
  3935 | D:4      | Found a runed translucent gate.
  3935 | D:4      | Found a runed translucent gate.
  3935 | D:4      | Found a runed translucent gate.
  3936 | D:4      | Noticed temujin's ghost (novice HuCj)
  4688 | D:4      | Reached skill level 4 in Polearms
  4874 | D:4      | Found a shimmering blue altar of Sif Muna.
  4982 | D:5      | Entered Level 5 of the Dungeon
  4989 | D:5      | Reached XP level 7. HP: 48/48 MP: 7/7
  5184 | D:5      | Reached ** piety under Makhleb
  5241 | D:5      | Reached skill level 5 in Polearms
  5252 | D:5      | Found a sand-covered staircase.
  5266 | D:5      | Reached skill level 1 in Invocations
  5300 | D:5      | Reached XP level 8. HP: 50/54 MP: 9/9
  5355 | Ossuary  | Entered an ossuary
  5380 | Ossuary  | Reached skill level 6 in Polearms
  5782 | Ossuary  | Reached *** piety under Makhleb
  5783 | Ossuary  | Reached skill level 5 in Stealth
  5792 | Ossuary  | Reached skill level 7 in Polearms
  6091 | D:5      | Identified the +3 flail of the Four Wonders {freeze, Will+}
  6121 | D:5      | Found a basalt altar of Yredelemnul.
  6214 | D:5      | Reached XP level 9. HP: 58/58 MP: 12/12
  6313 | D:5      | Found a shadowy altar of Dithmenos.
  6706 | D:6      | Reached skill level 5 in Invocations
  6843 | D:6      | Found a hazy altar of Hepliaklqana.
  6927 | D:6      | Found a staircase to the Ecumenical Temple.
  6975 | D:6      | Reached skill level 8 in Polearms
  7485 | D:7      | Found Alovvam's Weapon Shoppe.
  7741 | D:7      | Reached skill level 9 in Polearms
  8015 | D:7      | Reached skill level 5 in Fighting
  8157 | D:8      | Noticed Pikel
  8168 | D:8      | Killed Pikel
  8169 | D:8      | Reached XP level 10. HP: 39/68 MP: 14/14
  8676 | D:8      | Noticed a two-headed ogre
  8745 | D:8      | Killed a two-headed ogre
  8746 | D:8      | Reached skill level 10 in Polearms
  8879 | D:8      | Found an ornate altar of the Wu Jian Council.
  9314 | D:8      | Reached **** piety under Makhleb
  9471 | D:8      | Reached skill level 11 in Polearms
  9858 | D:9      | Found Lumoget's General Store.
  9898 | D:9      | Bought a wand of polymorph (5) for 112 gold pieces
 10028 | D:9      | Noticed Erica
 10039 | D:9      | Killed Erica
 10040 | D:9      | Reached skill level 5 in Dodging
 10280 | D:9      | Found a staircase to the Lair.
 10295 | D:9      | Reached XP level 11. HP: 56/72 MP: 15/15
 10301 | D:9      | Reached skill level 12 in Polearms
 10390 | D:9      | Found Puily's Weapon Emporium.
 10394 | D:9      | Bought 5 boomerangs for 140 gold pieces
 10796 | D:9      | Found Pade's Antique Weapon Boutique.
 10947 | D:9      | Noticed a two-headed ogre
 10968 | D:9      | Killed a two-headed ogre
 11240 | D:10     | Entered Level 10 of the Dungeon
 11595 | D:10     | Reached skill level 13 in Polearms
 11710 | D:10     | Found a radiant altar of Vehumet.
 12189 | Lair:1   | Entered Level 1 of the Lair of Beasts
 12508 | Lair:1   | Identified the +6 battleaxe of Soaf {heavy, *Corrode Str+4
                  | Dex+3}
 12798 | Lair:1   | Reached XP level 12. HP: 81/81 MP: 18/18
 12851 | Lair:1   | Reached skill level 14 in Polearms
 13398 | Lair:1   | Noticed Maggie
 13411 | Lair:1   | Killed Maggie
 13772 | Lair:2   | Found a hole to the Spider Nest.
 14355 | Lair:2   | Learned a level 3 spell: Ozocubu's Armour
 15581 | Lair:3   | Noticed a skyshark
 15592 | Lair:3   | Killed a skyshark
 15662 | Lair:3   | Noticed a seven-headed hydra
 15705 | Lair:3   | Killed a seven-headed hydra
 15706 | Lair:3   | Reached skill level 10 in Fighting
 16090 | Lair:3   | Found a staircase to the Swamp.
 16158 | Lair:4   | Found a staircase to the Slime Pits.
 16170 | Lair:4   | Reached XP level 13. HP: 72/92 MP: 19/19
 16298 | Lair:4   | Reached skill level 10 in Dodging
 16990 | Lair:4   | Reached skill level 5 in Throwing
 17619 | Lair:4   | You are sucked into a shaft and drop 1 floor!
 17619 | Lair:5   | Entered Level 5 of the Lair of Beasts
 17619 | Lair:5   | Found an ornate altar of the Wu Jian Council.
 17981 | Slime:1  | Entered Level 1 of the Pits of Slime
 18581 | D:11     | Learned a level 4 spell: Passage of Golubria
 18677 | D:11     | Found a staircase to the Orcish Mines.
 18701 | D:11     | Reached ***** piety under Makhleb
 18896 | D:11     | Identified the +0 robe "Cuhac" {Harm *Slow Int+6 Stlth+}
 19532 | Orc:1    | Entered Level 1 of the Orcish Mines
 19644 | Orc:2    | Entered Level 2 of the Orcish Mines
 19748 | Orc:2    | Reached skill level 10 in Invocations
 19824 | D:12     | Reached skill level 10 in Stealth
 20186 | D:12     | Reached skill level 1 in Ice Magic
 20228 | D:12     | Found a runed translucent gate.
 20229 | D:12     | Found a runed translucent gate.
 20430 | D:12     | Reached XP level 14. HP: 68/99 MP: 21/21
 20744 | D:12     | Reached skill level 1 in Shields
 21101 | D:12     | Found a runed translucent gate.
 21103 | D:12     | Found an opulent altar of Gozag.
 21106 | D:12     | Noticed Zaque's ghost (journeyman MiBe)
 21106 | D:12     | Noticed a fire giant
 21465 | D:4      | Killed temujin's ghost
 21925 | Lair:5   | Reached skill level 5 in Ice Magic
 22076 | Lair:5   | Reached skill level 1 in Spellcasting
 22203 | Lair:5   | Reached skill level 5 in Shields
 22999 | D:9      | Bought a ring of protection from fire for 400 gold pieces
 23167 | Lair:5   | Reached skill level 10 in Throwing
 23414 | Lair:5   | Reached XP level 15. HP: 54/103 MP: 22/22
 23842 | Orc:1    | You are sucked into a shaft and drop 1 floor!
 23842 | Orc:2    | Noticed Nessos
 24166 | Orc:2    | Found a staircase to the Elven Halls.
 24173 | Orc:2    | Noticed Donald
 24173 | Orc:2    | Noticed Maurice
 24180 | Orc:2    | Found Dytuopan's Antique Armour Emporium.
 24180 | Orc:2    | Found Apleo's Antique Weapon Shop.
 24182 | Orc:2    | Found Oveqis's Magic Scroll Shoppe.
 24182 | Orc:2    | Found Gelodacu's Magic Scroll Shop.
 24187 | Orc:2    | Mangled by a two-headed ogre

Illustrated notes

Levels and vault maps discovered:
D:1:      lemuel_arrival_funnel, layout_loops_ring
D:2:      layout_loops_ring
D:3:      layout_loops_ring, hellmonk_ecumenical_altar_blasted,
          ebering_ghost_disaster_area, minmay_tree_intersection, uniq_natasha
D:4:      layout_loops_ring, lemuel_blue_sif_altar,
          gammafunk_ghost_nasty_kobolds
D:5:      cheibrodos_helix_gallery, layout_loops_ring,
          nicolae_yredelemnul_corpse_copse, kennysheep_mini, serial_aquarium,
          aquarium_bridge_square [aquarium_subvault_bridge,
          aquarium_subvault_bridge, aquarium_subvault_wall,
          aquarium_subvault_balcony], aquarium_window_1, aquarium_window_fake,
          aquarium_window_1, aquarium_window_fake, aquarium_view_2c,
          aquarium_view_2d, aquarium_pool_2, nicolae_ossuary_entry_catacombs
D:6:      layout_rooms, mainiacjoe_overflow_six_doors_small,
          minmay_temple_entry_butterflies
D:7:      layout_basic, serial_shops, shop
D:8:      layout_basic, nzn_wu_jian_contemplation, uniq_pikel
D:9:      layout_loops_corners, hellmonk_lair_entry_icy, serial_shops,
          nicolae_shop_peninsula, nicolae_shop_getting_attention, shop,
          uniq_erica
D:10:     layout_basic, mainiacjoe_overflow_paths
D:11:     layout_loops_ring, hiddenorc2_lemuel
D:12:     minmay_swirls_squares, layout_grid_maze, ebering_ghost_gozag
Lair:1:   layout_concentric_octagons, dreamdust_mushroom_princess,
          serial_bayou_lagoon_a, minmay_holes, lemuel_old_faithful, uniq_maggie
Lair:2:   layout_regular_city, hellmonk_spider_entry_not_the_bees,
          chequers_serial_rivers_micro_c, cheibrodos_lair_reptile_den,
          grunt_megastairs_2
Lair:3:   layout_chaotic_city, palyth_hydra_swamp_entry
Lair:4:   layout_regular_city, slime_entry_1
Lair:5:   hangedman_lair_caniforms_friends, layout_big_grid, basic_altar,
          st_stairs_3, grunt_forest_large_clearing_hut
Slime:1:  layout_caves
Orc:1:    layout_caves, uniq_fannar
Orc:2:    st_orc_ogre_mass, layout_diamond_mine,
          regret_index_minedec_devilstone, uniq_nessos, uniq_donald,
          uniq_maurice

Skill      XL: |  1  2  3  4  5  6  7  8  9 10 11 12 13 14 15 |
---------------+----------------------------------------------+-----
Stealth        | 2 3 4 6 10 | 10.0
Fighting       | 3 4 5 6 7 10 | 10.0
Dodging        | 4 6 9 10 | 10.0
Evocations     | 1 2 4 |  4.0
Polearms       | 4 5 7 9 11 13 14 | 14.0
Throwing       | 3 4 7 10 | 10.0
Invocations    | 2 4 6 8 10 | 10.0
Ice Magic      | 2 5 |  5.0
Shields        | 8 9 |  9.6
Spellcasting   | 1 |  1.0

Action                     |  1- 3 |  4- 6 |  7- 9 | 10-12 | 13-15 || total
---------------------------+-------+-------+-------+-------+-------++-------
  Melee: Trident           |    40 |       |    52 |   519 |   844 ||  1455
         Constrict         |    14 |    10 |    43 |    46 |    97 ||   210
         Tentacles         |     8 |     9 |    77 |   108 |   230 ||   432
         Spear             |    21 |    77 |   264 |       |       ||   362
         Punch             |       |       |     8 |     6 |    17 ||    31
         Staff             |       |       |       |     6 |       ||     6
         Flail             |       |       |       |       |     9 ||     9
  Throw: Stone             |     7 |    10 |    12 |       |       ||    29
         Dart              |     1 |     7 |     7 |    53 |    52 ||   120
         Throwing net      |       |     1 |       |     2 |       ||     3
         Boomerang         |       |       |       |    27 |    53 ||    80
         Javelin           |       |       |       |       |     8 ||     8
   Cast: Ozocubu's Armour  |       |       |       |       |    10 ||    10
 Invoke: Minor Destruction |       |       |    16 |       |     2 ||    18
         Lesser Servant of |       |       |     1 |    12 |    18 ||    31
         Major Destruction |       |       |       |    20 |    26 ||    46
  Evoke: Wand              |     3 |     5 |     3 |    20 |     9 ||    40
         Tin of tremorston |       |       |       |       |     2 ||     2
    Use: Potion            |       |     1 |       |     5 |     3 ||     9
         Scroll            |       |     6 |     8 |     5 |    20 ||    39
   Stab: Sleeping          |    15 |    11 |    27 |    12 |     9 ||    74
         Distracted        |       |       |     3 |     4 |     8 ||    15
         Petrified         |       |       |       |       |     3 ||     3
 Armour: Skin              |    10 |    13 |    74 |   186 |   341 ||   624
  Dodge: Dodged            |    16 |    25 |    95 |   211 |   419 ||   766
  Block: Kite shield       |       |       |       |       |   301 ||   301

Table legend: (Time is in decaauts)
 A = Elapsed time spent in this place.
 B = Non-inter-level travel time spent in this place.
 C = Inter-level travel time spent in this place.
 D = Time resting spent in this place.
 E = Time spent auto-exploring this place.
 F = Levels seen in this place.
 G = Mean time per level.
                   A        B        C        D        E       F      G
               +--------+--------+--------+--------+--------+-----+--------+
         Total |  23643 |  21636 |   2007 |   4237 |   9177 |  21 | 1125.9 |
       Dungeon |  14745 |  13403 |   1342 |   2332 |   5978 |  12 | 1228.8 |
          Lair |   7583 |   6931 |    652 |   1606 |   3046 |   5 | 1516.6 |
    Slime Pits |      1 |      1 |      0 |      0 |      0 |   1 |    1.0 |
  Orcish Mines |    743 |    732 |     11 |    105 |     82 |   2 |  371.5 |
       Ossuary |    570 |    570 |      0 |    193 |     71 |   1 |  570.0 |
               +--------+--------+--------+--------+--------+-----+--------+

Top non-repeatable levels by time:
  Lair:4: 2034 daAuts
     D:4: 1930 daAuts
     D:9: 1628 daAuts
     D:3: 1592 daAuts
  Lair:5: 1586 daAuts
  Lair:1: 1505 daAuts
  Lair:2: 1474 daAuts
     D:8: 1457 daAuts
    D:12: 1394 daAuts
    D:10: 1188 daAuts
     D:5: 1119 daAuts
     D:7: 1088 daAuts
  Lair:3: 983 daAuts
    D:11: 983 daAuts
     D:6: 797 daAuts
